 Dungeon Crawl Stone Soup version 0.24-a0-652-g46ecf6da75 (webtiles) character file.

Game seed: 12299804702502915693, levelgen mode: deterministic

422 Peloso the Skirmisher (level 6, -1/57 HPs)
             Began as a Minotaur Fighter on Sept 26, 2019.
             Was an Initiate of Gozag.
             Slain by an orc warrior
             ... wielding a +0 flail
              (11 damage)
             ... on level 7 of the Dungeon.
             The game lasted 00:05:09 (2142 turns).

Peloso the Skirmisher (Minotaur Fighter)            Turns: 2142, Time: 00:05:10

Health: -1/57      AC: 12    Str: 27    XL:     6   Next: 63%
Magic:  5/5        EV:  8    Int:  8    God:    Gozag
Gold:   190        SH: 10    Dex: 12    Spells: 5/5 levels left

rFire    . . .     SeeInvis .   b - +1 short sword of the Peculiar Ghosts {speed, Dex+2}
rCold    . . .     Gourm    .   c - +0 shield
rNeg     . . .     Faith    .   r - +0 scale mail
rPois    .         Spirit   .   (helmet restricted)
rElec    .         Reflect  .   (no cloak)
rCorr    .         Harm     .   e - +0 pair of gloves
MR       .....                  (no boots)
Stlth    ..........             (no amulet)
HPRegen  0.19/turn              i - +3 ring of intelligence
MPRegen  0.09/turn              p - +4 ring of protection

@: mighty, gold aura
A: retaliatory headbutt, horns 2
a: Potion Petition, Call Merchant, Bribe Branch, Renounce Religion


You were on level 7 of the Dungeon.
You worshipped Gozag.
Gozag was aware of your devotion.
You were not hungry.

You visited 1 branch of the dungeon, and saw 5 of its levels.

You collected 240 gold pieces.
You paid 50 gold pieces to Gozag.

Inventory:

Hand Weapons
 a - a +0 long sword
 b - the +1 short sword of the Peculiar Ghosts (weapon) {speed, Dex+2}
   (You found it on level 5 of the Dungeon)

   Attacks with this weapon are significantly faster.
   It affects your dexterity (+2).
Armour
 c - a +0 shield (worn)
 e - a +0 pair of gloves (worn)
 r - a +0 scale mail (worn)
Jewellery
 i - a +3 ring of intelligence (left hand)
 p - a +4 ring of protection (right hand)
Scrolls
 g - 2 scrolls of fog {unknown}
 h - a scroll of enchant armour {unknown}
 j - a scroll of magic mapping
 l - a scroll of remove curse {unknown}
 m - 5 scrolls of identify {unknown}
 n - a scroll of teleportation
Potions
 k - a potion of mutation {unknown}
 o - a potion of curing
 s - a potion of magic {unknown}
Comestibles
 f - 10 rations


   Skills:
 + Level 5.7 Fighting
 + Level 0.7(3.0) Short Blades
 + Level 5.2(5.3) Long Blades
 + Level 4.9 Armour
 + Level 1.1 Dodging
 + Level 1.0 Stealth
 + Level 4.6 Shields


You had 5 spell levels left.
You didn't know any spells.
Your spell library was empty.

Dungeon Overview and Level Annotations

Branches:
Dungeon (5/15)
 Temple: D:4-7

Altars:
Gozag
Qazlal
Uskayaw
Wu Jian
The Shining One


Innate Abilities, Weirdness & Mutations

You reflexively headbutt those who attack you in melee.
You have a pair of horns on your head.


Message History

The iguana bites you!
* * * LOW HITPOINT WARNING * * *
The orc wizard hits you but does no damage.
Unknown command.
You puncture the adder!
The adder is almost dead.
The adder barely misses you. You block the iguana's attack.
The orc warrior hits you but does no damage.
Unknown command.
You barely miss the adder. Your headbutt misses the adder.
The adder is almost dead.
The orc wizard hits you but does no damage.
You block the adder's attack.
Unknown command.
You puncture the adder!
You kill the adder!
The iguana bites you but does no damage.
The orc warrior hits you with a +0 flail!
You die...
Your body crumbles into a pile of gold.

..............
$...........>.#
.............#
......$......#
.#...........#
.............#
.......$.....#
#.oor..#
###@l.## #...#
#####


You could see an orc warrior, an iguana, an orc wizard and a quokka.

Vanquished Creatures
  A phantom (D:5)
  A crimson imp (D:5)
  A hound (D:5)
  An orc priest (D:7)
  A worker ant (D:7)
  8 gnolls
  6 adders
  2 oozes (D:2)
  A worm (D:5)
  4 dart slugs
  A leopard gecko (D:2)
  2 orcs
  4 ball pythons
  4 giant cockroaches
  13 goblins
  2 hobgoblins
  8 bats
  4 frilled lizards
  9 kobolds
  A leopard gecko skeleton (D:5)
  3 rats
77 creatures vanquished.

Notes
Turn   | Place    | Note
-------+----------+-------------------------------------------
     0 | D:1      | Peloso the Minotaur Fighter began the quest for the Orb.
     0 | D:1      | Reached XP level 1. HP: 19/19 MP: 0/0
   256 | D:1      | Reached XP level 2. HP: 27/27 MP: 1/1
   605 | D:1      | Reached XP level 3. HP: 33/33 MP: 2/2
   993 | D:2      | Reached XP level 4. HP: 25/40 MP: 3/3
  1273 | D:2      | Found a hide-covered altar of Uskayaw.
  1273 | D:2      | Noticed a +0 dagger
  1274 | D:2      | Noticed a +0 dagger
  1303 | D:2      | Reached XP level 5. HP: 30/47 MP: 4/4
  1762 | D:3      | Found an opulent altar of Gozag.
  1765 | D:3      | Reached skill level 5 in Fighting
  1772 | D:3      | Became a worshipper of Gozag Ym Sagoz the Greedy
  1898 | D:3      | You fall into a shaft and drop 2 floors!
  1898 | D:5      | Entered Level 5 of the Dungeon
  1898 | D:5      | Found a stormy altar of Qazlal.
  1898 | D:5      | Found an ornate altar of the Wu Jian Council.
  1908 | D:5      | Found a stormy altar of Qazlal.
  1921 | D:5      | Got a crystal short sword
  1929 | D:5      | Identified the +1 short sword of the Peculiar Ghosts
                  | {speed, Dex+2} (You found it on level 5 of the Dungeon)
  1958 | D:5      | Found a glowing golden altar of the Shining One.
  1975 | D:5      | Noticed a phantom
  1999 | D:5      | Killed a phantom
  1999 | D:5      | Reached skill level 5 in Long Blades
  1999 | D:5      | Reached skill level 1 in Dodging
  1999 | D:5      | Reached XP level 6. HP: 50/56 MP: 5/5
  2005 | D:5      | Noticed a slave
  2005 | D:5      | Noticed a slave
  2036 | D:5      | Reached skill level 1 in Stealth
  2116 | D:5      | You fall into a shaft and drop 2 floors!
  2116 | D:7      | Noticed an orc warrior
  2142 | D:7      | Slain by an orc warrior

Levels and vault maps discovered:
D:1:      minmay_arrival_open_corners, layout_loops_corners, nrook_loot_triangle
D:2:      layout_rooms, dancing_weapons_uskayaw
D:3:      layout_rooms, first_ration, nicolae_gozag_seed_capital
D:5:      layout_rooms, nicolae_tso_carved_into_rock,
          chequers_temple_overflow_statue_of_worship, grunt_qazlal_clouds,
          uniq_pikel
D:7:      layout_cave_pools, chequers_jeans, minivault_24

Skill      XL: |  1  2  3  4  5  6 |
---------------+-------------------+-----
Armour         | 4 |  4.9
Shields        | 4 |  4.6
Fighting       | 4 5 |  5.7
Long Blades    | 3 4 5 |  5.2
Dodging        | 1 |  1.1
Stealth        | 1 |  1.0
Short Blades   | |  0.7

Action                   |  1- 3 |  4- 6 || total
-------------------------+-------+-------++-------
Melee: Long sword        |    73 |    74 ||   147
       Headbutt          |    11 |    22 ||    33
       Short sword       |       |    56 ||    56
  Use: Potion            |     2 |     2 ||     4
       Scroll            |     2 |       ||     2
  Eat: Chunk             |       |     4 ||     4
Armor: Scale mail        |    35 |    81 ||   116
Dodge: Dodged            |    29 |    49 ||    78
Block: Shield            |    44 |    65 ||   109
       Rpst.: Long sword |    10 |     9 ||    19

Table legend:
 A = Non-vault XP
 B = Vault XP
 C = Vault XP percentage of total XP
 D = Non-vault monster count
 E = Vault monster count
 F = Vault count percentage of total count
                 A         B        C        D         E       F
            +---------+---------+-------+---------+---------+-------
      Total |     603 |       0 |   0.0 |      77 |       0 |   0.0
            +---------+---------+-------+---------+---------+-------
        D:1 |      42 |       0 |   0.0 |      19 |       0 |   0.0
        D:2 |     189 |       0 |   0.0 |      33 |       0 |   0.0
        D:3 |      53 |       0 |   0.0 |      15 |       0 |   0.0
        D:5 |     226 |       0 |   0.0 |       6 |       0 |   0.0
        D:7 |      93 |       0 |   0.0 |       4 |       0 |   0.0
            +---------+---------+-------+---------+---------+-------
